 Dungeon Crawl Stone Soup version 0.32-a0-18-g89e19f1974 (webtiles) character file.

Game seed: 12002070796756160732

524 cforsyth the Trooper (level 7, -2/71 HPs)
             Began as an Oni Shapeshifter on Jan 16, 2024.
             Slain by a black bear (4 damage)
             ... on level 5 of the Dungeon.
             The game lasted 00:04:18 (3468 turns).

cforsyth the Trooper (Oni Shapeshifter)             Turns: 3468, Time: 00:04:19

Health: -2/71      AC:  3    Str: 21    XL:     7   Next: 22%
Magic:  7/7        EV: 10    Int: 11    God:
Gold:   179        SH:  0    Dex:  8    Spells: 6/6 levels left

rFire   . .          .
                       - Unarmed
rCold   . . .        (no shield)
rNeg    + . .        a - +0 animal skin
rPois   .            (helmet currently unavailable)
rElec   .            (cloak currently unavailable)
rCorr   +            (gloves unavailable)
SInv    .            (boots unavailable)
Will    .....        (no amulet)
Stlth   +            i - ring of positive energy
HPRegen 0.31/turn    p - ring of resist corrosion
MPRegen 0.10/turn

%: no passive effects
@: lethally poisoned (-2 -> -4), beast-form
A: beast (slay +2), large, unfitting armour, horns 1, tough skin 1, double
potion healing, drunken brawling
a: Begin Untransformation


You were on level 5 of the Dungeon.
You were a hulking beast.
You visited 1 branch of the dungeon, and saw 5 of its levels.

You collected 179 gold pieces.

Inventory:

Armour
 a - a +0 animal skin (worn)
Jewellery
 i - a ring of positive energy (left hand)
 p - a ring of resist corrosion (right hand)
 s - a +5 ring of evasion
Talismans
 c - a beast talisman
 d - a flux talisman
Scrolls
 e - 7 scrolls of identify {unknown}
 f - a scroll of revelation {unknown}
 j - a scroll of butterflies {unknown}
 k - a scroll of blinking {unknown}
 l - 2 scrolls of silence {unknown}
 m - 2 scrolls of fog {unknown}
 n - a scroll of amnesia {unknown}
 o - a scroll of brand weapon {unknown}
 q - 2 scrolls of teleportation {unknown}
 r - 2 scrolls of immolation {unknown}
Potions
 b - a potion of lignification
 g - a potion of mutation {unknown}
 h - a potion of invisibility {unknown}
 t - a potion of haste {unknown}
 u - a potion of curing {unknown}
 v - a potion of enlightenment {unknown}
 w - a potion of degeneration {unknown}


   Skills:
 + Level 4.9 Fighting
 + Level 3.7 Dodging
 + Level 4.3 Unarmed Combat
 + Level 4.5 Shapeshifting


You had 6 spell levels left.
You didn't know any spells.
Your spell library contained the following spells:

 Spells                   Type           Power      Damage    Failure   Level
 Shock                    Conj/Air       0%         1d3       34%         1
 Swiftness                Air            0%         N/A       71%         3
 Volatile Blastmotes      Fire/Tloc      0%         2d10      71%         3
 Airstrike                Air            0%         2d(0-16)  98%         4
 Fulminant Prism          Conj/Alch      0%         3d5       98%         4
 Iskenderun's Mystic Bla  Conj/Tloc      0%         2d3       98%         4


Dungeon Overview and Level Annotations

Branches:
Dungeon (5/15)
 Temple: D:4-7

Altars:
Uskayaw

Shops:
D:2 =


Innate Abilities, Weirdness & Mutations

You are a hulking beast.
Your limbs bulge with bestial killing power. (Slay +2)
You are too large for most types of armour.
You have a pair of small horns on your head.
You have tough skin. (AC +1)
You gain doubled healing and magic from potions.
Whenever you drink a healing potion, you attack all around you.


Message History

You are more poisoned.
The scorpion poisons you!
You hit the scorpion.
The scorpion is moderately wounded.
You feel very sick. The scorpion stings you! The black bear bites you.
The black bear barely misses you. x2
You hit the scorpion. Your headbutt misses the scorpion.
The scorpion is moderately wounded.
You feel very sick. The scorpion barely misses you.
You are too injured to fight recklessly!
You are too injured to fight recklessly!
You are too injured to fight recklessly!
You are too injured to fight recklessly!
You are too injured to fight recklessly!
You feel very sick. The iguana barely misses you.
The scorpion barely misses you.
Found an escape hatch in the ceiling.
You feel sick. The iguana attacks as it pursues you! The iguana bites you!
* * * LOW HITPOINT WARNING * * *
You feel sick.
You see here a +0 hand axe.
You feel sick.
The black bear attacks as it pursues you!
The black bear closely misses you. The black bear claws you.
* * * LOW HITPOINT WARNING * * *
The black bear claws you.
* * * LOW HITPOINT WARNING * * *
The iguana attacks as it pursues you!
The iguana bites you but does no damage.
You feel sick.
You feel sick.
The black bear attacks as it pursues you!
The black bear bites you.
* * * LOW HITPOINT WARNING * * *
The black bear claws you.
* * * LOW HITPOINT WARNING * * *
The black bear claws you.
You die...

#................
#!.............<.
#................
#..!.............
####.........[......
#...........)s########
#.............l......#
#.............h.>..#.#
##........#.....h.....#
.'........#.#...#.###.#
##........#.#..<....
#.............#######
#.#......#.....
..#...........
####.#.#.#.##.
.........#. #....#.##


You could see a black bear, a scorpion and an iguana.

Vanquished Creatures
  Sigmund (D:3)
  Eustachio (D:3)
  2 iguanas (D:4)
  A sleepcap (D:5)
  An orc wizard (D:3)
  5 adders
  A gnoll (D:1)
  A white imp (D:5)
  4 dart slugs
  A ribbon worm (D:2)
  5 orcs
  4 ball pythons
  2 endoplasms (D:3)
  5 hobgoblins
  A kobold (D:2)
  4 bats
  7 frilled lizards
  2 goblins (D:4)
  4 rats
52 creatures vanquished.

Notes
Turn   | Place    | Note
-------+----------+-------------------------------------------
     0 | D:1      | cforsyth the Oni Shapeshifter began the quest for the Orb.
     0 | D:1      | Reached XP level 1. HP: 19/19 MP: 1/1
   387 | D:1      | Reached XP level 2. HP: 25/28 MP: 2/2
   802 | D:2      | Reached XP level 3. HP: 34/35 MP: 3/3
   885 | D:2      | Found Sojuutt's Jewellery Shop.
  1688 | D:3      | Reached XP level 4. HP: 43/44 MP: 4/4
  1767 | D:3      | Noticed Sigmund
  1779 | D:3      | Killed Sigmund
  1780 | D:3      | Reached XP level 5. HP: 19/54 MP: 5/5
  1780 | D:3      | Reached XP level 6. HP: 22/62 MP: 6/6
  2853 | D:4      | Noticed Eustachio
  2977 | D:3      | Killed Eustachio
  2978 | D:3      | Reached XP level 7. HP: 50/71 MP: 7/7
  3188 | D:5      | Entered Level 5 of the Dungeon
  3209 | D:5      | Found a hide-covered altar of Uskayaw.
  3468 | D:5      | HP: 2/71 [black bear (3)]
  3468 | D:5      | Slain by a black bear

Illustrated notes

Levels and vault maps discovered:
D:1:      sevenhm_arrival_forest_fort_small_5, layout_basic, hex_large
D:2:      layout_basic, serial_shops, shop
D:3:      layout_loops_ring, uniq_sigmund
D:4:      layout_rooms, uniq_eustachio
D:5:      layout_basic, minmay_temple_entry_butterflies,
          hangedman_feature_mirror, serial_bayou_lagoon_b, uniq_edmund

Skill      XL: |  1  2  3  4  5  6 |
---------------+-------------------+-----
Fighting       | 2 3 4 |  4.9
Dodging        | 2 3 |  3.7
Unarmed Combat | 3 4 |  4.3
Shapeshifting  | 4 |  4.5

Action                     |  1- 3 |  4- 6 |  7- 9 || total
---------------------------+-------+-------+-------++-------
  Melee: Unarmed           |    74 |    93 |    14 ||   181
         Headbutt          |    12 |     5 |     4 ||    21
   Stab: Sleeping          |       |     1 |       ||     1
 Armour: Animal skin       |    50 |    53 |    20 ||   123
  Dodge: Dodged            |    28 |    51 |     9 ||    88

Table legend: (Time is in decaauts)
 A = Elapsed time spent in this place.
 B = Non-inter-level travel time spent in this place.
 C = Inter-level travel time spent in this place.
 D = Time resting spent in this place.
 E = Time spent auto-exploring this place.
 F = Levels seen in this place.
 G = Mean time per level.
                   A        B        C        D        E       F      G
               +--------+--------+--------+--------+--------+-----+--------+
         Total |   3457 |   3389 |     68 |    215 |   2710 |   5 |  691.4 |
       Dungeon |   3457 |   3389 |     68 |    215 |   2710 |   5 |  691.4 |
               +--------+--------+--------+--------+--------+-----+--------+

Top non-repeatable levels by time:
     D:2: 942 daAuts
     D:3: 845 daAuts
     D:1: 776 daAuts
     D:4: 613 daAuts
     D:5: 278 daAuts
